 Dungeon Crawl Stone Soup version 0.19-a0-593-gf2cdb02 (webtiles) character file.

298 nubinia the Firebug (level 6, 0/37 HPs)
             Began as a High Elf Fire Elementalist on June 10, 2016.
             Slain by a giant frog (10 damage)
             ... on level 5 of the Dungeon.
             The game lasted 00:16:31 (3411 turns).

nubinia the Firebug (High Elf Fire Elementalist)    Turns: 3411, Time: 00:16:31

Health: 0/37       AC:  2    Str:  7    XL:     6   Next: 13%
Magic:  12/12      EV: 14    Int: 19    God:
Gold:   153        SH:  0    Dex: 18    Spells: 4 memorised, 2 levels left

rFire  + . .     SeeInvis .     a - +2 short sword (venom)
rCold  x . .     Gourm    .     l - +0 robe
rNeg   . . .     Faith    .     (no shield)
rPois  .         Spirit   .     (no helmet)
rElec  .         Dismiss  .     (no cloak)
rCorr  .         Reflect  .     (no gloves)
SustAt .         Harm     +     (no boots)
MR     .....                    D - amulet of harm
Stlth  +++.......               (no ring)
                                v - ring of fire

@: not resistant to hostile enchantments, fairly stealthy
A: no striking features
a: no special abilities


You were on level 5 of the Dungeon.
You were not hungry.

You visited 1 branch of the dungeon, and saw 5 of its levels.

You collected 153 gold pieces.

Inventory:

Hand Weapons
 a - a +2 short sword of venom (weapon)
 e - a +0 short sword
 h - a +2 short sword of holy wrath
Missiles
 y - 8 curare-tipped needles
Armour
 j - a +1 buckler
 l - a +0 robe (worn)
Jewellery
 v - a ring of fire (left hand)
 D - an amulet of harm (around neck)
Wands
 o - a wand of disintegration (4/24)
Scrolls
 f - 2 scrolls of remove curse
 i - 2 scrolls of amnesia {unknown}
 q - a scroll of recharging {unknown}
 s - a scroll of fog {unknown}
 w - a scroll of immolation {unknown}
 A - a scroll of blinking {unknown}
Potions
 m - a potion of curing
 p - 2 potions of resistance
 r - a potion of berserk rage {unknown}
 t - 2 potions of cure mutation {unknown}
 u - a potion of heal wounds {unknown}
 x - a potion of might {unknown}
 B - a potion of brilliance {unknown}
 C - a potion of haste
Books
 b - a book of Flames

   Spells                             Type                      Level
   a - Flame Tongue                   Conjuration/Fire             1
   b - Throw Flame                    Conjuration/Fire             2
   c - Conjure Flame                  Conjuration/Fire             3
   d - Inner Flame                    Hexes/Fire                   3
   e - Sticky Flame                   Conjuration/Fire             4
   f - Fireball                       Conjuration/Fire             5
Comestibles
 c - 3 bread rations
 g - a slice of pizza
 k - a meat ration
 z - a beef jerky
 E - 2 chunks of flesh
 F - 14 fruits


   Skills:
 + Level 0.8 Fighting
 + Level 1.0 Short Blades
 + Level 3.1 Dodging
 + Level 3.6 Stealth
 + Level 3.8 Spellcasting
 + Level 3.0 Conjurations
 + Level 4.3 Fire Magic


You had 2 spell levels left.
You knew the following spells:

 Your Spells              Type           Power        Failure   Level  Hunger
a - Flame Tongue          Conj/Fire      ####.        3%          1    None
b - Throw Flame           Conj/Fire      ####..       6%          2    ##.....
c - Conjure Flame         Conj/Fire      ####....     12%         3    ###....
d - Sticky Flame          Conj/Fire      ####....     34%         4    ####...


Dungeon Overview and Level Annotations

Branches:
Dungeon (5/15)
 Temple: D:4-7

Altars:
The Shining One

Annotations:
D:4 Duffy's ghost, amateur MiMo; Edmund; Natasha


Message History

The giant frog hits you.
You puncture the giant frog!
The giant frog is heavily wounded.
The giant frog hits you.
You barely miss the giant frog.
The giant frog is heavily wounded.
The giant frog closely misses you. x2
You closely miss the giant frog.
The giant frog is heavily wounded.
The giant frog closely misses you.
You closely miss the giant frog.
The giant frog is heavily wounded.
You hear the slow rusting of a very distant drain.
The giant frog hits you! The giant frog hits you.
You hit the giant frog.
The giant frog is poisoned.
The giant frog is severely wounded.
The giant frog hits you.
* * * LOW HITPOINT WARNING * * *
The giant frog hits you!
You die...

#. ## #. . .
#.#####.# #
#.###.#...#.#.#
..>............
#.#.........#
............#
#..$.@F...#
##...<...##
..........##
###.###..## ..
#..# ## #.##
.## #


You could see a giant frog.

Vanquished Creatures
  Terence (D:2)
  An iguana (D:4)
  Natasha (D:4)
  4 worker ants (D:4)
  5 adders
  5 worms
  2 dart slugs (D:1)
  4 giant geckos
  An orc (D:4)
  A ball python (D:3)
  4 giant cockroaches
  5 goblins
  9 hobgoblins
  4 jackals (D:3)
  2 quokkas (D:2)
  8 bats
  3 giant newts (D:2)
  3 kobolds (D:1)
  7 rats
70 creatures vanquished.

Notes
Turn   | Place    | Note
--------------------------------------------------------------
     0 | D:1      | nubinia the High Elf Fire Elementalist began the quest for the Orb.
     0 | D:1      | Reached XP level 1. HP: 11/11 MP: 4/4
   249 | D:1      | Reached XP level 2. HP: 17/17 MP: 2/6
   289 | D:1      | Learned a level 2 spell: Throw Flame
   626 | D:2      | Noticed Terence
   757 | D:2      | Reached XP level 3. HP: 21/21 MP: 1/8
   823 | D:2      | Learned a level 3 spell: Conjure Flame
  1070 | D:2      | Found a faded altar of an unknown god.
  1260 | D:2      | Killed Terence
  1260 | D:2      | Reached XP level 4. HP: 19/27 MP: 5/9
  2457 | D:4      | Reached skill level 4 in Fire Magic
  2459 | D:4      | Noticed Edmund
  2546 | D:4      | Reached XP level 5. HP: 26/32 MP: 8/11
  2603 | D:4      | Learned a level 4 spell: Sticky Flame
  2724 | D:4      | Noticed Duffy's ghost (amateur MiMo)
  2986 | D:4      | Reached skill level 1 in Short Blades
  3032 | D:4      | Noticed Natasha
  3033 | D:4      | Killed Natasha
  3148 | D:4      | Found a glowing golden altar of the Shining One.
  3271 | D:4      | Reached XP level 6. HP: 37/37 MP: 12/12
  3344 | D:4      | Noticed Natasha
  3360 | D:5      | Entered Level 5 of the Dungeon
  3411 | D:5      | Slain by a giant frog

Vault maps used:
D:1:      scummos_arrival_forest, st_stairs_1
D:2:      first_bread, ecumenical_altar_1, uniq_terence
D:4:      nicolae_overflow_hidden_temple, gammafunk_temple_overflow_pools,
          dk_vineyard_1, kennysheep_generic_room_4, uniq_natasha, uniq_edmund
D:5:      bloody_trog, portal_sewer_entry_b, bh_chokoban

Skill      XL: |  1  2  3  4  5 |
---------------+----------------+-----
Spellcasting   | 3 |  3.8
Conjurations   | 2 3 |  3.0
Stealth        | 3 |  3.6
Fire Magic     | 4 |  4.3
Short Blades   | 1 |  1.0
Dodging        | 3 |  3.1
Fighting       | |  0.8

Action                   |  1- 3 |  4- 6 || total
-------------------------+-------+-------++-------
Melee: Short sword       |    29 |    33 ||    62
 Cast: Flame Tongue      |    40 |    42 ||    82
       Throw Flame       |     1 |     7 ||     8
  Use: Scroll            |     4 |     3 ||     7
 Stab: Sleeping          |     7 |     4 ||    11
       Distracted        |     1 |       ||     1
  Eat: Chunk             |     1 |     7 ||     8
Armor: Robe              |     1 |     2 ||     3
Dodge: Dodged            |    17 |    23 ||    40
